 Dungeon Crawl Stone Soup version 0.20-a0-268-gb6bde61 (webtiles) character file.

502 tboon the Chopper (level 6, -4/56 HPs)
             Began as a Minotaur Fighter on Dec 6, 2016.
             Slain by Pikel
             ... wielding a +0 whip of electrocution
              (10 damage)
             ... on level 4 of the Dungeon.
             The game lasted 00:10:47 (3840 turns).

tboon the Chopper (Minotaur Fighter)                Turns: 3840, Time: 00:10:48

Health: -4/56      AC:  8    Str: 20    XL:     6   Next: 95%
Magic:  5/5        EV: 11    Int:  6    God:
Gold:   229        SH:  2    Dex: 11    Spells: 5/5 levels left

rFire  x . .     SeeInvis .     a - +0 war axe
rCold  + . .     Gourm    .     b - +0 scale mail
rNeg   . . .     Faith    .     (no shield)
rPois  .         Spirit   .     (helmet restricted)
rElec  .         Reflect  +     p - +0 cloak
rCorr  .         Harm     .     (no gloves)
MR     .....                    (no boots)
Stlth  ..........               o - +2 amulet of reflection
                                (no ring)
                                t - ring of ice {rC+, rF-}

@: no status effects
A: retaliatory headbutt, horns 2
a: no special abilities


You were on level 4 of the Dungeon.
You were not hungry.

You visited 1 branch of the dungeon, and saw 4 of its levels.
You also visited: Sewer.

You collected 229 gold pieces.

Inventory:

Hand Weapons
 a - a +0 war axe (weapon)
Armour
 b - a +0 scale mail (worn)
 p - a +0 cloak (worn)
   (You found it on level 2 of the Dungeon)
 s - a +0 shield
Jewellery
 k - a +4 ring of evasion {unknown}
   (You found it on level 4 of the Dungeon)
 o - a +2 amulet of reflection (around neck)
   (You took it off a hobgoblin on level 2 of the Dungeon)
 t - a ring of ice (left hand) {rC+, rF-}
   (You found it on level 2 of the Dungeon)
Wands
 y - a wand of paralysis (18/24)
   (You found it on level 3 of the Dungeon)
Scrolls
 e - a scroll of magic mapping {unknown}
 g - a scroll of remove curse {unknown}
 i - a scroll of amnesia {unknown}
 j - a scroll of immolation {unknown}
 r - a scroll of blinking {!r}
 u - 2 scrolls of recharging {unknown}
 v - a scroll of teleportation {unknown}
 A - a scroll of identify
Potions
 c - 4 potions of magic {unknown}
 d - a potion of might
 h - a potion of berserk rage {unknown}
 m - a potion of brilliance {unknown}
 q - 2 potions of heal wounds
 w - a potion of curing {unknown}
 x - a potion of haste {unknown}
Comestibles
 f - 3 bread rations
 l - 4 meat rations
 n - a slice of pizza
 z - 5 chunks of flesh
 B - a beef jerky


   Skills:
 + Level 5.1 Fighting
 * Level 5.8 Axes
 + Level 5.2 Armour
 + Level 2.7 Dodging
 + Level 4.6 Shields


You had 5 spell levels left.
You didn't know any spells.

Dungeon Overview and Level Annotations

Branches:
Dungeon (4/15)
 Temple: D:4-7

Altars:
Ashenzari

Shops:
D:4 %

Annotations:
D:4 Pikel


Innate Abilities, Weirdness & Mutations

You reflexively headbutt those who attack you in melee.
You have a pair of horns on your head.


Message History

You butcher the leopard gecko corpse.
z - 4 chunks of flesh (gained 2)
You now have 205 gold pieces (gained 11).
You see here 23 stones.
l - 4 meat rations (gained 1)
k - an encrusted cabochon ring An orc comes into view.
It is wielding a hand axe.
The orc shouts!
You slash the orc!
You kill the orc!
No target in view!
You now have 216 gold pieces (gained 11).
Your magical contamination has completely faded away.
Eating one of 4 chunks of flesh.
You start eating one of the 4 chunks of flesh.
You are feeling hungry.
This raw flesh tastes terrible.
You now have 229 gold pieces (gained 13).
You open the door.
There is an open door here.
A - a scroll of identify
Found a stone staircase leading down.
u - 2 scrolls labeled REISOFR DUDAMPOM (gained 1)
A jackal comes into view.
The jackal barks!
The jackal moves out of view. 2 jackals come into view.
The jackal barks!
The jackal bites you but does no damage.
There is a stone staircase leading down here.
You slash the jackal!
You kill the jackal!
A worker ant comes into view.
The worker ant twitches its antennae in your direction.
You block the jackal's attack.
You see here a jackal corpse.
You barely miss the jackal. Your headbutt misses the jackal.
The jackal bites you but does no damage. x2
You slash the worker ant!
The worker ant is severely wounded.
You hit the jackal. The jackal misses you. The worker ant closely misses you.
You furiously retaliate!
You headbutt the worker ant.
You kill the worker ant!
The jackal barely misses you.
You barely miss the jackal.
You headbutt the jackal, but do no damage.
The jackal is heavily wounded.
The jackal misses you. You furiously retaliate!
You headbutt the jackal.
You kill the jackal!
No target in view!
No target in view!
Found 6 stones.
Found a stone staircase leading up.
You see here a jackal corpse.
You butcher the jackal corpse.
z - 6 chunks of flesh (gained 3) Some of the chunks of flesh in your inventory have rotted away.
Found an escape hatch in the ceiling.
Marking area around the slave as unsafe for travelling.
Marking area around the slave as unsafe for travelling. 2 slaves come into view.
The slave shouts! x2
The slave hits you.
A slave comes into view.
The slave shouts!
The slave hits you but does no damage. The slave hits you. The slave hits you.
The slave hits you but does no damage. The slave barely misses you.
You furiously retaliate!
You headbutt the slave! The slave completely misses you. The slave hits you!
Found Nerro's Food Emporium.
Pikel the Slaver comes into view.
He is wielding a whip of electrocution.
Pikel shouts!
You slash the slave!
The slave is moderately wounded.
You barely miss the slave. x2; The slave hits you. x2; The slave misses you.
You closely miss the slave.
The slave is moderately wounded.
You hit the slave. x2; The slave barely misses you.
You furiously retaliate!
You headbutt the slave. The slave barely misses you. You furiously retaliate!
You headbutt the slave, but do no damage.
The slave completely misses you. You furiously retaliate!
You headbutt the slave! The slave hits you.
The slave hits you but does no damage.
A slave comes into view.
You closely miss the slave.
The slave is severely wounded.
The slave shouts!
You hit the slave but do no damage. You slash the slave! The slave hits you.
The slave hits you but does no damage. x3
The slave closely misses you. The slave misses you. Pikel barely misses you.
The slave barely misses you.
You hit Pikel. Your headbutt misses Pikel.
Pikel is lightly wounded.
You slash the slave! You hit the slave. You closely miss the slave.
Pikel hits you with a whip of electrocution.
You are electrocuted!
* * * LOW HITPOINT WARNING * * *
The slave hits you but does no damage. The slave hits you.
* * * LOW HITPOINT WARNING * * *
Pikel hits you but does no damage.
You are electrocuted!
You die...

#...........#
########.##.##.##.#
##...#..#.#####.#
.# #..........# ...
.. #..........# ...
. ##.........# ...
#...##p..##
######p..##...
+.@p......
#pK.......
#<........#
##...####.. #...# ∩
..... ......
......#


You could see Pikel and 4 slaves.

Vanquished Creatures
  Sigmund (D:3)
  A phantom (D:3)
  A worker ant (D:4)
  10 adders
  A river rat (D:3)
  2 oozes
  4 dart slugs
  7 leopard geckos
  An orc (D:4)
  14 bats
  4 giant cockroaches
  6 goblins
  9 hobgoblins
  15 jackals
  3 quokkas
  6 ball pythons
  11 frilled lizards
  15 kobolds
  10 rats
  A plant (Sewer)
122 creatures vanquished.

Vanquished Creatures (others)
  A plant (Sewer)
1 creature vanquished.

Grand Total: 123 creatures vanquished

Notes
Turn   | Place    | Note
-------+----------+-------------------------------------------
     0 | D:1      | tboon the Minotaur Fighter began the quest for the Orb.
     0 | D:1      | Reached XP level 1. HP: 19/19 MP: 0/0
   184 | D:1      | Reached skill level 3 in Axes
   202 | D:1      | Reached XP level 2. HP: 27/27 MP: 1/1
   524 | D:1      | Reached XP level 3. HP: 33/33 MP: 2/2
   532 | D:1      | Reached skill level 4 in Armour
   532 | D:1      | Reached skill level 1 in Dodging
   883 | D:2      | Reached skill level 4 in Fighting
  1056 | D:2      | Reached XP level 4. HP: 40/40 MP: 3/3
  1059 | D:2      | Found a shattered altar of Ashenzari.
  1073 | D:2      | Reached skill level 4 in Axes
  2064 | D:3      | Reached XP level 5. HP: 44/47 MP: 4/4
  2078 | D:3      | Found a glowing drain.
  2082 | Sewer    | Entered a sewer
  2890 | D:3      | Noticed a phantom
  2893 | D:3      | Reached skill level 4 in Shields
  2912 | D:3      | Killed a phantom
  2912 | D:3      | Reached skill level 5 in Axes
  2912 | D:3      | Reached skill level 2 in Dodging
  2912 | D:3      | Reached XP level 6. HP: 39/53 MP: 5/5
  3201 | D:3      | Noticed Sigmund
  3209 | D:3      | Killed Sigmund
  3209 | D:3      | Reached skill level 5 in Fighting
  3209 | D:3      | Reached skill level 5 in Armour
  3823 | D:4      | Noticed a slave
  3823 | D:4      | Noticed a slave
  3831 | D:4      | Noticed a slave
  3834 | D:4      | Found Nerro's Food Emporium.
  3835 | D:4      | Noticed Pikel
  3837 | D:4      | Noticed a slave
  3840 | D:4      | HP: 10/56 [Pikel/whip of electrocution (18)]
  3840 | D:4      | Slain by Pikel

Vault maps used:
D:1:      roderic_dead_forest, minmay_hexomino_c4
D:2:      evilmike_ruin_ashenzari, first_bread
D:3:      gup_sewer_entry_bowl, grunt_ministairs_11, glass_columns_c,
          kennysheep_generic_room_7, uniq_sigmund
D:4:      serial_shops, nicolae_shop_stone, roderic_malta_cross, uniq_pikel
Sewer:    sewer_co_scattered_pipes

Skill      XL: |  1  2  3  4  5  6 |
---------------+-------------------+-----
Axes           | 3 4 5 |  5.8
Armour         | 4 5 |  5.2
Dodging        | 1 2 |  2.7
Fighting       | 4 5 |  5.1
Shields        | 4 |  4.6

Action                   |  1- 3 |  4- 6 || total
-------------------------+-------+-------++-------
Melee: War axe           |    87 |   207 ||   294
       Headbutt          |     7 |    29 ||    36
  Use: Scroll            |       |     4 ||     4
       Potion            |       |     1 ||     1
  Eat: Chunk             |     1 |     8 ||     9
       Beef jerky        |       |     1 ||     1
Armor: Scale mail        |    75 |    94 ||   169
Dodge: Dodged            |    67 |   124 ||   191
Block: Other             |       |    16 ||    16
       Reflection        |       |     1 ||     1

Vault maps used:
D:1:      roderic_dead_forest, minmay_hexomino_c4
D:2:      evilmike_ruin_ashenzari, first_bread
D:3:      gup_sewer_entry_bowl, grunt_ministairs_11, glass_columns_c,
          kennysheep_generic_room_7, uniq_sigmund
D:4:      serial_shops, nicolae_shop_stone, roderic_malta_cross, uniq_pikel
Sewer:    sewer_co_scattered_pipes

Table legend:
 A = Turns spent in this place as a percentage of turns spent in the entire game.
 B = Non-inter-level travel turns spent in this place as a percentage of non-inter-level travel turns spent in the entire game.
 C = Inter-level travel turns spent in this place as a percentage of turns spent in this place.
 D = Turns resting spent in this place as a percentage of non-inter-level travel turns spent in this place.
 E = Turns spent auto-exploring this place as a percentage of non-inter-level travel turns spent in this place.
 F = Non-inter-level travel turns spent in this place divided by the number of levels of this place that you've seen.
                   A       B       C       D       E      F
               +-------+-------+-------+-------+-------+----------------------
         Total | 100.0 | 100.0 |   0.9 |   2.1 |  13.1 | 172.0
       Dungeon |  79.1 |  79.0 |   1.2 |   1.8 |  14.7 | 169.8
         Sewer |  20.9 |  21.0 |   0.0 |   3.3 |   7.2 | 181.0
               +-------+-------+-------+-------+-------+----------------------

Table legend:
 A = Kills in this place as a percentage of kills in entire the game.
 B = Kills by you in this place as a percentage of kills by you in the entire game.
 C = Kills by friends in this place as a percentage of kills by friends in the entire game.
 D = Other kills in this place as a percentage of other kills in the entire game.
 E = Experience gained in this place as a percentage of experience gained in the entire game.
 F = Experience gained in this place divided by the number of levels of this place that you have seen.
                   A       B       C       D       E      F
               +-------+-------+-------+-------+-------+----------------------
         Total | 100.0 | 100.0 |  -nan |  -nan | 100.0 | 143.6
       Dungeon |  81.8 |  81.8 |  -nan |  -nan |  92.3 | 165.8
         Sewer |  18.2 |  18.2 |  -nan |  -nan |   7.7 |  55.0
               +-------+-------+-------+-------+-------+----------------------
